| TOP OF THE 1ST |
|
Columbus Clippers batting - Pitching for Pawtucket Red Sox : LHP John Hotham
|
|
Pitching: LHP John Hotham
|
|
|
Batting: LHB John Harring
|
0-0: Foul Ball, location: 2F 0-1: Ball 1-1: Called Strike 1-2: Ball 2-2: Hit by Pitch
|
|
Batting: LHB Corey Trevor
|
0-0: Ball 1-0: Ball 2-0: Foul Ball, location: 2F 2-1: Fly out, F4 (Popup, 34, EV 65.6 MPH)
|
|
Batting: RHB Christian Blue
|
0-0: Called Strike John Harring is caught stealing 2nd base 2-4 0-1: Foul Ball, location: 2F 0-2: Strikes out swinging, 2-3 out at first.
|
| Top of the 1st over - 0 runs, 0 hits, 0 errors, 0 left on base; Columbus 0 - Pawtucket 0 |
| BOTTOM OF THE 1ST |
|
Pawtucket Red Sox batting - Pitching for Columbus Clippers : RHP Chris DeVall
|
|
Pitching: RHP Chris DeVall
|
|
|
Batting: LHB Tim Fuller
|
0-0: Foul Ball, location: 2F 0-1: Foul Ball, location: 2F 0-2: Ball 1-2: Foul Ball, location: 2F 1-2: SINGLE (Groundball, 4MD, EV 103.1 MPH)
|
|
Batting: LHB Dave Reyes
|
0-0: Fielders Choice at 2nd, 4-6 (Groundball, 4D, EV 100.0 MPH)
|
|
Batting: LHB Jarrett Mordecai
|
0-0: Ball 1-0: Ball 2-0: Foul Ball, location: 2F 2-1: Ball 3-1: Base on Balls Dave Reyes to second
|
|
Batting: RHB Ernie Genier
|
0-0: Ball 1-0: Foul Ball, location: 2F 1-1: Ball 2-1: Ball Passed Ball! Dave Reyes to third Jarrett Mordecai to second 3-1: Called Strike 3-2: Fly out, F3 (Line Drive, 3L, EV 67.5 MPH)
|
|
Batting: LHB John Bailey
|
0-0: Foul Ball, location: 2F 0-1: Foul Ball, location: 2F 0-2: DOUBLE (Line Drive, 89XD, EV 103.8 MPH) Dave Reyes scores Jarrett Mordecai scores
|
|
Batting: RHB Dan Friess
|
0-0: Ball 1-0: Ground out U3 (Groundball, 13, EV 84.4 MPH)
|
| Bottom of the 1st over - 2 runs, 2 hits, 0 errors, 1 left on base; Columbus 0 - Pawtucket 2 |
| TOP OF THE 2ND |
|
Columbus Clippers batting - Pitching for Pawtucket Red Sox : LHP John Hotham
|
|
Batting: LHB Brent Albertson
|
0-0: Called Strike 0-1: Ball 1-1: Swinging Strike 1-2: Foul Ball, location: 2F 1-2: Foul Ball, location: 2F 1-2: Ball 2-2: Ball 3-2: Strikes out swinging
|
|
Batting: RHB Jesus Galvan
|
0-0: Called Strike 0-1: Ball 1-1: Ball 2-1: Ball 3-1: DOUBLE (Flyball, 9LD, EV 104.4 MPH)
|
|
Batting: RHB Chris Folse
|
0-0: Ball 1-0: Ball 2-0: Foul Ball, location: 2F 2-1: SINGLE (Groundball, 34S, EV 72.5 MPH) (infield hit) Jesus Galvan to third
|
|
Batting: RHB Armando Galindo
|
0-0: Called Strike 0-1: Ball 1-1: Ball 2-1: Called Strike 2-2: Ball 3-2: Strikes out swinging
|
|
Batting: RHB Chris Diaz
|
0-0: Foul Ball, location: 2F 0-1: Ball 1-1: Fly out, F7 (Flyball, 7D, EV 101.2 MPH)
|
| Top of the 2nd over - 0 runs, 2 hits, 0 errors, 2 left on base; Columbus 0 - Pawtucket 2 |
| BOTTOM OF THE 2ND |
|
Pawtucket Red Sox batting - Pitching for Columbus Clippers : RHP Chris DeVall
|
|
Batting: RHB Brandon Perris
|
0-0: Ball 1-0: Ball 2-0: Ground out 6-3 (Groundball, 6, EV 90.0 MPH)
|
|
Batting: RHB Dave Nickerson
|
0-0: Ball 1-0: SOLO HOME RUN (Flyball, 78XD, EV 116.9 MPH), Distance : 453 ft
|
|
Batting: LHB Mike Jones
|
0-0: Ball 1-0: Called Strike 1-1: Ball 2-1: DOUBLE (Flyball, 8LXD, EV 106.9 MPH)
|
|
Batting: LHB Tim Fuller
|
0-0: SINGLE (Groundball, 6MS, EV 71.2 MPH) (infield hit) Mike Jones to third
|
|
Batting: LHB Dave Reyes
|
0-0: Called Strike 0-1: Ground out 4-3 (Groundball, 34, EV 102.5 MPH) Mike Jones scores Tim Fuller to second
|
|
Batting: LHB Jarrett Mordecai
|
0-0: Ball 1-0: Foul Ball, location: 2F 1-1: Swinging Strike 1-2: Strikes out looking and he ARGUES THE CALL AND IS TOSSED!
|
| Bottom of the 2nd over - 2 runs, 3 hits, 0 errors, 1 left on base; Columbus 0 - Pawtucket 4 |
| TOP OF THE 3RD |
|
Columbus Clippers batting - Pitching for Pawtucket Red Sox : LHP John Hotham
|
|
Now at 1B: Xavier Joslin
|
|
|
Batting: RHB Tai Joo
|
0-0: Called Strike 0-1: Foul Ball, location: 2F 0-2: Strikes out swinging
|
|
Batting: LHB John Harring
|
0-0: Foul Ball, location: 2F 0-1: SINGLE (Groundball, 6M, EV 100.0 MPH) (infield hit)
|
|
Batting: LHB Corey Trevor
|
0-0: Foul Ball, location: 2F 0-1: Called Strike John Harring steals 2nd base (no throw) 0-2: Ball 1-2: Strikes out looking
|
|
Batting: RHB Christian Blue
|
0-0: Ball 1-0: Ball 2-0: Ball 3-0: Called Strike 3-1: Swinging Strike 3-2: Ground out 5-3 (Groundball, 56, EV 102.5 MPH)
|
| Top of the 3rd over - 0 runs, 1 hit, 0 errors, 1 left on base; Columbus 0 - Pawtucket 4 |
| BOTTOM OF THE 3RD |
|
Pawtucket Red Sox batting - Pitching for Columbus Clippers : RHP Chris DeVall
|
|
Batting: RHB Ernie Genier
|
0-0: Hit by Pitch
|
|
Batting: LHB John Bailey
|
0-0: Ball 1-0: Ball 2-0: Ball 3-0: Called Strike 3-1: Foul Ball, location: 2F 3-2: Base on Balls Ernie Genier to second
|
|
Batting: RHB Dan Friess
|
0-0: Ball 1-0: Fielders Choice at 2nd, 3-6 (Groundball, 34S, EV 83.8 MPH) Ernie Genier to third
|
|
Batting: RHB Brandon Perris
|
0-0: Ball 1-0: Ball 2-0: Fly out, F7 (Flyball, 7LS, EV 88.1 MPH)
|
|
Batting: RHB Dave Nickerson
|
0-0: Called Strike 0-1: Ball 1-1: Called Strike 1-2: Foul Ball, location: 2F 1-2: Foul Ball, location: 2F 1-2: Foul Ball, location: 2F 1-2: Ball 2-2: Ground out 5-3 (Groundball, 56S, EV 78.1 MPH)
|
| Bottom of the 3rd over - 0 runs, 0 hits, 0 errors, 2 left on base; Columbus 0 - Pawtucket 4 |
| TOP OF THE 4TH |
|
Columbus Clippers batting - Pitching for Pawtucket Red Sox : LHP John Hotham
|
|
Batting: LHB Brent Albertson
|
0-0: Called Strike 0-1: Ball 1-1: Ball 2-1: Foul Ball, location: 2F 2-2: Foul Ball, location: 2F 2-2: Ball 3-2: Fly out, F7 (Flyball, 78S, EV 85.0 MPH)
|
|
Batting: RHB Jesus Galvan
|
0-0: Foul Ball, location: 2F 0-1: Ball 1-1: Called Strike 1-2: Foul Ball, location: 2F 1-2: Ball 2-2: Foul Ball, location: 2F 2-2: Foul Ball, location: 2F 2-2: Ball 3-2: Strikes out swinging
|
|
Batting: RHB Chris Folse
|
0-0: Ball 1-0: Called Strike 1-1: Foul Ball, location: 2F 1-2: Ball 2-2: Strikes out swinging
|
| Top of the 4th over - 0 runs, 0 hits, 0 errors, 0 left on base; Columbus 0 - Pawtucket 4 |
| BOTTOM OF THE 4TH |
|
Pawtucket Red Sox batting - Pitching for Columbus Clippers : RHP Chris DeVall
|
|
Batting: LHB Mike Jones
|
0-0: Ball 1-0: Called Strike 1-1: Ball 2-1: Ball 3-1: Base on Balls
|
|
Batting: LHB Tim Fuller
|
0-0: Called Strike 0-1: Ball 1-1: Foul Ball, location: 2F 1-2: Foul Ball, location: 2F 1-2: Ball 2-2: Ball 3-2: Fielders Choice at 2nd, 6-4 (Groundball, 6, EV 90.0 MPH)
|
|
Batting: LHB Dave Reyes
|
0-0: Called Strike Tim Fuller steals 2nd base 0-1: Swinging Strike 0-2: Ball Wild Pitch! Tim Fuller to third 1-2: Ball 2-2: Foul Ball, location: 2F 2-2: Ball 3-2: Ground out 4-3 (Groundball, 4, EV 102.5 MPH) Tim Fuller scores
|
|
Batting: RHB Xavier Joslin
|
0-0: SINGLE (Flyball, 8RS, EV 95.6 MPH)
|
|
Pitching: RHP Tatsuhito Shiota
|
|
|
Batting: RHB Ernie Genier
|
0-0: Foul Ball, location: 2F 0-1: Ball 1-1: Foul Ball, location: 2F 1-2: Foul Ball, location: 2F 1-2: Strikes out looking
|
| Bottom of the 4th over - 1 run, 1 hit, 0 errors, 1 left on base; Columbus 0 - Pawtucket 5 |
| TOP OF THE 5TH |
|
Columbus Clippers batting - Pitching for Pawtucket Red Sox : LHP John Hotham
|
|
Batting: RHB Armando Galindo
|
0-0: Ball 1-0: Ball 2-0: Ball 3-0: Called Strike 3-1: Foul Ball, location: 2F 3-2: Strikes out swinging
|
|
Batting: RHB Chris Diaz
|
0-0: Ball 1-0: Fly out, F8 (Flyball, 8LD, EV 103.8 MPH)
|
|
Batting: RHB Tai Joo
|
0-0: Ball 1-0: Ball 2-0: Fly out, F8 (Flyball, 8RD, EV 93.1 MPH)
|
| Top of the 5th over - 0 runs, 0 hits, 0 errors, 0 left on base; Columbus 0 - Pawtucket 5 |
| BOTTOM OF THE 5TH |
|
Pawtucket Red Sox batting - Pitching for Columbus Clippers : RHP Tatsuhito Shiota
|
|
Batting: LHB John Bailey
|
0-0: Ball 1-0: Ball 2-0: Called Strike 2-1: Swinging Strike 2-2: Strikes out swinging
|
|
Batting: RHB Dan Friess
|
0-0: Swinging Strike 0-1: Ball 1-1: Foul Ball, location: 2F 1-2: Strikes out swinging
|
|
Batting: RHB Brandon Perris
|
0-0: Swinging Strike 0-1: Ground out 3-1 (Groundball, 34S, EV 89.4 MPH)
|
| Bottom of the 5th over - 0 runs, 0 hits, 0 errors, 0 left on base; Columbus 0 - Pawtucket 5 |
| TOP OF THE 6TH |
|
Columbus Clippers batting - Pitching for Pawtucket Red Sox : LHP John Hotham
|
|
Batting: LHB John Harring
|
0-0: Ball 1-0: Ball 2-0: Ball 3-0: Base on Balls
|
|
Batting: LHB Corey Trevor
|
0-0: Foul Ball, location: 2F 0-1: Called Strike 0-2: Ball 1-2: Ball 2-2: Strikes out swinging
|
|
Batting: RHB Christian Blue
|
0-0: Ball 1-0: Ball John Harring steals 2nd base 2-0: Called Strike 2-1: Ball 3-1: Base on Balls
|
|
Pitching: RHP Michael Vazquez
|
|
|
Batting: LHB Brent Albertson
|
0-0: Called Strike 0-1: Called Strike 0-2: Ball 1-2: Ball 2-2: Fly out, F8 (Flyball, 8RXD, EV 91.2 MPH) Runner from 2nd tags up, SAFE at 3rd, no throw by CF
|
|
Batting: RHB Jesus Galvan
|
0-0: Ball 1-0: Swinging Strike 1-1: Ball 2-1: Ball 3-1: Base on Balls Christian Blue to second
|
|
Batting: RHB Chris Folse
|
0-0: Ball 1-0: Called Strike 1-1: Fly out, F8 (Line Drive, 8RD, EV 94.4 MPH)
|
| Top of the 6th over - 0 runs, 0 hits, 0 errors, 3 left on base; Columbus 0 - Pawtucket 5 |
| BOTTOM OF THE 6TH |
|
Pawtucket Red Sox batting - Pitching for Columbus Clippers : RHP Tatsuhito Shiota
|
|
Batting: RHB Dave Nickerson
|
0-0: Ball 1-0: SINGLE (Line Drive, 5D, EV 94.4 MPH)
|
|
Batting: LHB Mike Jones
|
0-0: Called Strike 0-1: SINGLE (Line Drive, 7S, EV 91.2 MPH) Dave Nickerson to second
|
|
Batting: LHB Tim Fuller
|
0-0: Ball 1-0: Fly out, F7 (Flyball, 7, EV 78.8 MPH)
|
|
Batting: LHB Dave Reyes
|
0-0: Ball 1-0: Foul Ball, location: 2F 1-1: Fly out, F8 (Flyball, 8LM, EV 88.1 MPH)
|
|
Batting: RHB Xavier Joslin
|
0-0: Ball 1-0: Called Strike 1-1: Foul Ball, location: 2F 1-2: Ball 2-2: Ball 3-2: 3-RUN HOME RUN (Flyball, 89XD, EV 104.4 MPH), Distance : 397 ft
|
|
Batting: RHB Ernie Genier
|
0-0: Ball 1-0: SINGLE (Line Drive, 6M, EV 97.5 MPH)
|
|
Batting: LHB John Bailey
|
0-0: Ball 1-0: Swinging Strike 1-1: Called Strike 1-2: Ball Passed Ball! Ernie Genier to second 2-2: Foul Ball, location: 2F 2-2: Ball 3-2: Foul Ball, location: 2F 3-2: Fly out, F9 (Flyball, 9LSF, EV 86.2 MPH)
|
| Bottom of the 6th over - 3 runs, 4 hits, 0 errors, 1 left on base; Columbus 0 - Pawtucket 8 |
| TOP OF THE 7TH |
|
Columbus Clippers batting - Pitching for Pawtucket Red Sox : RHP Michael Vazquez
|
|
Batting: RHB Armando Galindo
|
0-0: SINGLE (Flyball, 9, EV 90.6 MPH)
|
|
Batting: RHB Chris Diaz
|
0-0: Called Strike Armando Galindo steals 2nd base (no throw) 0-1: Fly out, F8 (Flyball, 8RD, EV 102.5 MPH)
|
|
Batting: RHB Tai Joo
|
0-0: Ball 1-0: Called Strike 1-1: Swinging Strike 1-2: Foul Ball, location: 2F 1-2: Ground out 6-3 (Groundball, 6S, EV 85.0 MPH) Armando Galindo to third
|
|
Batting: LHB John Harring
|
0-0: Foul Ball, location: 2F 0-1: Ball 1-1: Swinging Strike 1-2: Ball 2-2: Strikes out looking
|
| Top of the 7th over - 0 runs, 1 hit, 0 errors, 1 left on base; Columbus 0 - Pawtucket 8 |
| BOTTOM OF THE 7TH |
|
Pawtucket Red Sox batting - Pitching for Columbus Clippers : RHP Tatsuhito Shiota
|
|
Batting: RHB Dan Friess
|
0-0: Ball 1-0: Ball 2-0: Called Strike 2-1: Ball 3-1: Base on Balls
|
|
Pitching: RHP Luis Lorez
|
|
|
Batting: RHB Brandon Perris
|
0-0: Ball 1-0: Ball 2-0: Ball 3-0: Called Strike 3-1: Base on Balls Dan Friess to second
|
|
Batting: RHB Dave Nickerson
|
0-0: Fly out, F7 (Flyball, 7, EV 96.9 MPH)
|
|
Batting: LHB Mike Jones
|
0-0: Called Strike 0-1: Ball 1-1: Ball 2-1: Ball 3-1: Called Strike 3-2: Foul Ball, location: 2F 3-2: Base on Balls Dan Friess to third Brandon Perris to second
|
|
Batting: LHB Tim Fuller
|
0-0: Ball 1-0: Foul Ball, location: 2F 1-1: Ball 2-1: Ball 3-1: Called Strike 3-2: SINGLE (Groundball, 6MS, EV 67.5 MPH) (infield hit) Dan Friess scores Brandon Perris to third Mike Jones to second
|
|
Batting: LHB Dave Reyes
|
0-0: Called Strike 0-1: Fielders Choice at 2nd, 6-4 (Groundball, 6, EV 86.2 MPH) Brandon Perris scores Mike Jones to third
|
|
Batting: RHB Xavier Joslin
|
0-0: Ball 1-0: Ball 2-0: Ball 3-0: Base on Balls Dave Reyes to second
|
|
Batting: RHB Ernie Genier
|
0-0: Ball 1-0: Ball 2-0: SINGLE (Line Drive, 7LS, EV 90.0 MPH) Mike Jones scores Dave Reyes to third Xavier Joslin to second Runner from 3rd tries for Home, SAFE, throw by LF to home
|
|
Batting: LHB John Bailey
|
0-0: Ball 1-0: Ball 2-0: Ball 3-0: Base on Balls Xavier Joslin to third Ernie Genier to second
|
|
Batting: RHB Dan Friess
|
0-0: Called Strike 0-1: Called Strike 0-2: Fielders Choice at 2nd, 6-4 (Groundball, 6, EV 106.9 MPH)
|
| Bottom of the 7th over - 4 runs, 2 hits, 0 errors, 3 left on base; Columbus 0 - Pawtucket 12 |
| TOP OF THE 8TH |
|
Columbus Clippers batting - Pitching for Pawtucket Red Sox : RHP Michael Vazquez
|
|
Batting: LHB Corey Trevor
|
0-0: Called Strike 0-1: Called Strike 0-2: Foul Ball, location: 2F 0-2: Ball 1-2: Ground out 6-3 (Groundball, 6, EV 89.4 MPH)
|
|
Batting: RHB Christian Blue
|
0-0: Ball 1-0: Ball 2-0: Called Strike 2-1: Ground out 6-3 (Groundball, 6, EV 106.2 MPH)
|
|
Batting: LHB Brent Albertson
|
0-0: Ball 1-0: Ball 2-0: Fly out, F1 (Line Drive, P, EV 67.5 MPH)
|
| Top of the 8th over - 0 runs, 0 hits, 0 errors, 0 left on base; Columbus 0 - Pawtucket 12 |
| BOTTOM OF THE 8TH |
|
Pawtucket Red Sox batting - Pitching for Columbus Clippers : RHP Luis Lorez
|
|
Pitching: RHP Bruce Poff
|
|
|
Pinch Hitting: SHB Gus Cruz
|
0-0: Ball 1-0: Reached on error, E5 (Groundball, 56, EV 86.2 MPH)
|
|
Batting: RHB Dave Nickerson
|
0-0: Foul Ball, location: 2F 0-1: Foul Ball, location: 2F 0-2: Strikes out looking
|
|
Batting: LHB Mike Jones
|
0-0: Called Strike 0-1: Ball 1-1: Foul Ball, location: 2F 1-2: Strikes out swinging
|
|
Batting: LHB Tim Fuller
|
0-0: Foul Ball, location: 2F 0-1: Called Strike 0-2: Foul Ball, location: 2F 0-2: Foul Ball, location: 2F 0-2: Foul Ball, location: 2F 0-2: Ball 1-2: Ball 2-2: Ball 3-2: Strikes out swinging
|
| Bottom of the 8th over - 0 runs, 0 hits, 1 error, 1 left on base; Columbus 0 - Pawtucket 12 |
| TOP OF THE 9TH |
|
Columbus Clippers batting - Pitching for Pawtucket Red Sox : RHP Michael Vazquez
|
|
Pitching: LHP Ken Intagliata
|
|
|
Now at SS: Gus Cruz
|
|
|
Batting: RHB Jesus Galvan
|
0-0: Foul Ball, location: 2F 0-1: Ball 1-1: Ball 2-1: Ball 3-1: Fly out, F7 (Flyball, 7, EV 85.6 MPH)
|
|
Pinch Hitting: RHB Harris Leroux
|
0-0: Ball 1-0: Ball 2-0: Ball 3-0: Called Strike 3-1: Base on Balls
|
|
Batting: RHB Armando Galindo
|
0-0: Called Strike 0-1: Called Strike 0-2: Strikes out looking
|
|
Batting: RHB Chris Diaz
|
0-0: Swinging Strike 0-1: Ground out U3 (Groundball, 3, EV 104.4 MPH)
|
| Top of the 9th over - 0 runs, 0 hits, 0 errors, 1 left on base; Columbus 0 - Pawtucket 12 |
|